AoeStats
← Spectres

Nomad

510067404Analyzed
2v2 RM · 2d ago on Sep 29, 2026· 47m 26s· 4 players
Game mode
Random Map
Map size
176×176
Population
200
Speed
Normal
Resources
Standard
Victory
Conquest
Starting age
Dark Age
Ending age
Imperial Age
RankedLock teamsTeams togetherTeam positionsShared explorationLock speedFull tech treeHidden civsTurbo modeCheats
Victory
Defeat
🇨🇳 Lithuanians · China
1220
+18
🇵🇰 Persians · Pakistan
1165
+19
🇩🇪 Vikings · Germany
1261
-19
🇨🇭 Japanese · Switzerland
1242
-18
NSN WAJID
14:41 Feudal Age
13:43 Loom
24:33 Castle Age
22:42 Fishing Lines
25:12 Wheelbarrow
29:40 Double-Bit Axe
29:51 Gold Mining
37:59 Fletching
Wolong Qi
6:44 Loom
13:20 Feudal Age
14:43 Town Watch
17:37 Castle Age
17:35 Double-Bit Axe
20:42 Scale Barding Armor
23:39 Wheelbarrow
24:40 Forging
25:29 Bloodlines
27:03 Horse Collar
29:43 Husbandry
33:50 Imperial Age
32:35 Chain Barding Armor
33:26 Heavy Plow
33:39 Bow Saw
34:57 Iron Casting
34:28 Cavalier
38:10 Plate Barding Armor
38:53 Hand Cart
39:28 Crop Rotation
40:09 Chemistry
39:30 Ballistics
39:16 Gold Mining
39:16 Stone Mining
41:00 Fletching
41:32 Scale Mail Armor
41:33 Padded Archer Armor
40:56 Paladin
43:05 Two-Man Saw
43:06 Stone Shaft Mining
42:57 Bodkin Arrow
43:43 Town Patrol
44:31 Conscription
45:45 Hoardings
46:00 Chain Mail Armor
47:56 Squires
47:39 Treadmill Crane
Magic Beam
5:48 Loom
14:20 Feudal Age
18:37 Castle Age
18:03 Fletching
19:22 Bodkin Arrow
27:03 Double-Bit Axe
28:54 Ballistics
29:30 Scale Mail Armor
35:52 Imperial Age
33:53 Town Watch
34:26 Bow Saw
35:35 Chain Mail Armor
36:52 Man-at-Arms
36:52 Pikeman
37:04 Pikeman
39:56 Plate Mail Armor
Spectres
5:59 Loom
14:12 Feudal Age
15:01 Double-Bit Axe
26:27 Castle Age
25:19 Bloodlines
25:21 Forging
29:16 Gold Mining
32:18 Wheelbarrow
35:25 Horse Collar
39:03 Imperial Age
37:09 Heavy Plow
39:00 Bow Saw
41:44 Conscription
42:37 Pikeman
45:09 Halberdier
47:10 Gambesons
47:26 Squires
47:11 Arson
Connection lost

Rejoining the realm…

Still unreachable

The connection could not be restored.

Session expired

The server has moved on; the page needs a fresh start.